 Dungeon Crawl Stone Soup version 0.28.0-47-ge53b351184 (webtiles) character file.

Game seed: 16365390181960242267

48 firemarshallily the Chopper (level 3, -3/42 HPs)
             Began as a Demonspawn Gladiator on Apr 28, 2022.
             Slain by a goblin
             ... wielding a +0 long sword
             ... led by Robin
              (13 damage)
             ... on level 2 of the Dungeon.
             The game lasted 00:05:28 (1228 turns).

firemarshallily the Chopper (Demonspawn Gladiator)  Turns: 1228, Time: 00:05:29

Health: -3/42      AC:  4    Str: 16    XL:     3   Next: 50%
Magic:  3/3        EV: 12    Int:  9    God:
Gold:   52         SH:  0    Dex: 14    Spells: 2/2 levels left

rFire   . . .      SeeInvis .   a - +0 war axe
rCold   . . .      Faith    .   (no shield)
rNeg    . . .      Spirit   .   b - +0 leather armour
rPois   .          Reflect  .   c - +0 helmet
rElec   .          Harm     .   (no cloak)
rCorr   .          Rampage  .   (no gloves)
Will    .....                   (no boots)
Stlth   ..........              (no amulet)
HPRegen 0.14/turn               (no ring)
MPRegen 0.08/turn               (no ring)

@: berserking (expiring), very quick
A: hooves 1, powered by pain 1
a: no special abilities


You were on level 2 of the Dungeon.
You visited 1 branch of the dungeon, and saw 2 of its levels.

You collected 52 gold pieces.

Inventory:

Hand Weapons
 a - a +0 war axe (weapon)
Missiles
 d - 3 throwing nets
 h - 12 stones (quivered)
Armour
 b - a +0 leather armour (worn)
 c - a +0 helmet (worn)
Scrolls
 e - a scroll of vulnerability {unknown}
 j - a scroll of teleportation {unknown}
 k - a scroll of noise {unknown}
Potions
 g - a potion of ambrosia {unknown}
 i - a potion of flight {unknown}


   Skills:
 + Level 2.5 Fighting
 * Level 3.1 Axes
 - Level 1.7 Throwing
 + Level 1.9 Armour
 - Level 2.6 Dodging


You had 2 spell levels left.
You didn't know any spells.
Your spell library was empty.

Dungeon Overview and Level Annotations

Branches:
Dungeon (2/15)

Altars:

Annotations:
D:2 Robin


Innate Abilities, Weirdness & Mutations

You have large cloven feet.
You sometimes gain a little power by taking damage.


Message History

You hear a shout!
You miss the goblin.
The goblin is heavily wounded.
The goblin hits you but does no damage.
You closely miss the goblin.
The goblin is heavily wounded.
The goblin hits you with a +0 club. x2
You completely miss the goblin. You kick the goblin.
The goblin is heavily wounded.
The goblin hits you with a +0 club.
* * * LOW HITPOINT WARNING * * *
It was a potion of berserk rage.
A red film seems to cover your vision as you go berserk!
You feel yourself moving faster!
You feel mighty! The goblin barely misses you.
You barely miss the goblin. You kick the goblin.
You kill the goblin!
Robin throws the goblin at you!
* * * LOW HITPOINT WARNING * * *
The goblin hits you with a +0 dagger.
* * * LOW HITPOINT WARNING * * *
You barely miss the goblin. You kick the goblin.
You kill the goblin!
You barely miss the goblin.
Robin roars a battlecry!
A goblin comes into view. It is wielding a +0 dagger.
You hear a bark!
You hear a shout!
The goblin shouts!
You slice the goblin!!
You kill the goblin!
Things that are here:
a +0 dagger; a goblin corpse You feel a strong urge to attack something.
The goblin barely misses you.
You barely miss the goblin. Your kick misses the goblin.
A goblin comes into view. It is wielding a +0 dagger.
The goblin closely misses you.
You barely miss the goblin. Robin throws the goblin at you!
A goblin comes into view. It is wielding a +0 club. x2
The goblin hits you with a +0 long sword!
You die...

.$ .. #### .###.
..# ..#.# #.#
###...#.##.######
#.....#.........#
g#g(.....##.####.#
g(.gg.g####.# #.#
#..g)@g.# #.#
#.####### #.# #
#.# #.# #.# .# #.#
#.# #.# #.#
####.#### ###.#
#.......#


You could see Robin and 5 goblins.

Vanquished Creatures
  A worm (D:2)
  2 dart slugs (D:1)
  A ball python (D:1)
  5 bats (D:1)
  3 endoplasms
  3 giant cockroaches (D:1)
  8 goblins
  5 hobgoblins
  2 quokkas
  A frilled lizard (D:1)
  2 kobolds (D:1)
  2 rats (D:1)
35 creatures vanquished.

Notes
Turn   | Place    | Note
-------+----------+-------------------------------------------
     0 | D:1      | firemarshallily the Demonspawn Gladiator began the quest
                  | for the Orb.
     0 | D:1      | Reached XP level 1. HP: 16/16 MP: 1/1
    74 | D:1      | Discovered your monstrous ancestry.
    74 | D:1      | Gained mutation: You have large cloven feet. [demonic
                  | ancestry]
    74 | D:1      | Reached XP level 2. HP: 13/22 MP: 2/2
    94 | D:1      | Reached skill level 1 in Armour
   594 | D:1      | Reached skill level 3 in Axes
   778 | D:1      | Gained mutation: You sometimes gain a little power by
                  | taking damage. [demonic ancestry]
   778 | D:1      | Reached XP level 3. HP: 28/28 MP: 3/3
  1213 | D:2      | Noticed Robin
  1228 | D:2      | Slain by a goblin

Illustrated notes

Levels and vault maps discovered:
D:1:      dpeg_arrival_ternary, layout_basic
D:2:      layout_loops_cross, uniq_jessica, uniq_terence, uniq_robin,
          uniq_crazy_yiuf_cottage

Skill      XL: |  1  2 |
---------------+-------+-----
Armour         | 1 |  1.9
Axes           | 3 |  3.1
Fighting       | |  2.5
Throwing       | |  1.7
Dodging        | |  2.6

Action                   || total
-------------------------++-------
Melee: War axe           ||    82
       Kick              ||    16
       Punch             ||     1
Throw: Stone             ||     1
  Use: Potion            ||     1
 Stab: Sleeping          ||     2
Armor: Leather armour    ||    31
Dodge: Dodged            ||    47
